AoeStats
← jhonzx11

Black Forest

510193361Analyzed
3v3 RM · 3d ago on Sep 29, 2026· 55m 42s· 6 players
Game mode
Random Map
Map size
Normal (6 player)
Population
200
Speed
Normal
Resources
Standard
Victory
Conquest
Starting age
Dark Age
Ending age
Imperial Age
RankedLock teamsTeams togetherTeam positionsShared explorationLock speedFull tech treeHidden civsTurbo modeCheats
Victory
Defeat
🇨🇴 Maya · Colombia
924
+14
🇵🇱 Sicilians · Poland
899
+15
🇺🇸 Britons · United States
891
+22
🇦🇷 Cumans · Argentina
897
-15
🇦🇷 Franks · Argentina
891
-15
🇦🇷 Khmer · Argentina
874
-15
jhonzx11
13:00 Feudal Age
17:56 Castle Age
15:42 Man-at-Arms
16:58 Double-Bit Axe
19:32 Wheelbarrow
20:00 Bow Saw
19:52 Stone Mining
33:48 Imperial Age
31:42 Hand Cart
32:20 Gold Mining
33:04 Fortified Wall
33:51 Husbandry
35:40 Chemistry
34:02 Cavalier
35:24 Conscription
35:45 Chivalry
35:14 Capped Ram
37:01 Gold Shaft Mining
36:29 Paladin
38:45 Elite Throwing Axeman
39:39 Scale Barding Armor
39:57 Heavy Scorpion
51:33 Light Cavalry
𝕬𝔫𝔲𝔟𝔦𝔰
0:50 Loom
12:16 Feudal Age
13:33 Wheelbarrow
12:46 Double-Bit Axe
12:58 Horse Collar
20:58 Castle Age
19:03 Fishing Lines
22:09 Bow Saw
21:58 Gold Mining
22:11 Caravan
26:20 Hand Cart
30:23 Imperial Age
28:41 Scale Mail Armor
30:34 Stone Mining
32:06 Chemistry
31:55 Ballistics
33:09 Town Watch
34:03 Gold Shaft Mining
34:03 Stone Shaft Mining
34:34 Heavy Scorpion
34:38 Elite Ballista Elephant
36:43 Gillnets
37:18 Fortified Wall
38:11 Heavy Plow
39:06 Double Crossbow
41:52 Scale Barding Armor
42:06 Pikeman
42:53 Halberdier
43:54 Chain Mail Armor
43:49 Forging
46:36 Iron Casting
TheVaper
5:46 Loom
11:24 Feudal Age
13:25 Wheelbarrow
13:51 Double-Bit Axe
19:40 Horse Collar
20:22 Gold Mining
24:12 Castle Age
23:00 Bloodlines
22:58 Scale Barding Armor
23:04 Forging
26:24 Hand Cart
26:23 Bow Saw
27:46 Chain Barding Armor
28:02 Iron Casting
32:09 Imperial Age
29:59 Heavy Plow
32:43 Gold Shaft Mining
32:59 Elite Steppe Lancer
35:36 Plate Barding Armor
36:02 Blast Furnace
35:48 Stone Mining
49:05 Steppe Husbandry
VicarialDock950
0:33 Loom
11:25 Feudal Age
12:05 Double-Bit Axe
18:36 Castle Age
17:31 Wheelbarrow
17:55 Forging
18:48 Eagle Warrior
20:09 Scale Mail Armor
21:36 Iron Casting
25:24 Arson
26:21 Horse Collar
27:24 Town Watch
28:06 Squires
29:27 Chain Mail Armor
29:51 Bow Saw
30:45 Heavy Plow
30:57 Caravan
32:04 Hand Cart
34:35 Gold Mining
37:50 Imperial Age
39:26 Holcans
38:20 Elite Eagle Warrior
40:10 Blast Furnace
39:36 Town Patrol
40:09 Crop Rotation
40:42 Two-Man Saw
40:26 Hoardings
40:32 Fletching
41:12 Plate Mail Armor
40:44 Padded Archer Armor
43:53 Conscription
43:50 Bodkin Arrow
43:52 Pikeman
45:23 Halberdier
DEADASS BEE
10:14 Feudal Age
11:26 Double-Bit Axe
12:06 Double-Bit Axe
13:49 Horse Collar
15:37 Fletching
19:20 Castle Age
20:17 Bow Saw
20:05 Bodkin Arrow
19:32 Crossbowman
21:12 Loom
22:02 Wheelbarrow
24:47 Hand Cart
25:30 Heavy Plow
26:00 Stone Mining
26:04 Gold Mining
26:36 Town Watch
28:50 Town Patrol
32:31 Imperial Age
30:58 Ballistics
31:21 Padded Archer Armor
30:52 Pikeman
31:32 Squires
32:04 Scale Mail Armor
32:07 Stone Mining
33:11 Gold Shaft Mining
34:33 Two-Man Saw
35:02 Conscription
35:56 Chemistry
34:37 Treadmill Crane
35:49 Yeomen
35:38 Halberdier
37:23 Siege Engineers
37:38 Forging
36:55 Arbalester
38:44 Hoardings
38:24 Warwolf
38:15 Elite Longbowman
38:56 Bracer
41:07 Leather Archer Armor
44:14 Chain Mail Armor
44:34 Iron Casting
44:25 Caravan
Calcium_Warrior
0:57 Loom
12:14 Feudal Age
16:28 Castle Age
20:36 Double-Bit Axe
21:59 Fishing Lines
23:20 Horse Collar
28:07 Wheelbarrow
30:18 Imperial Age
28:06 Gillnets
29:09 Scale Barding Armor
29:15 Forging
30:09 Bloodlines
30:00 Husbandry
30:36 Gold Mining
30:41 Stone Mining
31:14 Chain Barding Armor
30:36 Cavalier
32:30 Hauberk
33:17 Plate Barding Armor
33:10 Heavy Plow
33:51 Wheelbarrow
34:12 Iron Casting
35:30 Guilds
36:25 Blast Furnace
35:31 Fletching
36:17 Ballistics
37:00 Gold Shaft Mining
37:33 Siege Engineers
38:58 Bow Saw
39:40 Crop Rotation
38:36 Onager
39:55 Conscription
40:42 Arrowslits
41:59 Chemistry
41:13 Masonry
41:37 Capped Ram
42:38 Murder Holes
43:10 Siege Ram
44:29 Siege Onager
50:17 Light Cavalry
54:11 Elite Serjeant
54:54 Scale Mail Armor
55:24 Squires
55:55 Chain Mail Armor
Connection lost

Rejoining the realm…

Still unreachable

The connection could not be restored.

Session expired

The server has moved on; the page needs a fresh start.